 Dungeon Crawl Stone Soup version 0.29-a0-96-g93358da72b (webtiles) character file.

Game seed: 17271269606120209090

5994 Gargoyl the Cleaver (level 10, -11/64 HPs)
             Began as a Gargoyle Abyssal Knight on Feb 12, 2022.
             Was an Elder of Lugonu.
             Killed from afar by an acid dragon (33 damage)
             ... with a splash of acid
             ... on level 9 of the Dungeon.
             The game lasted 00:12:22 (11314 turns).

Gargoyl the Cleaver (Gargoyle Abyssal Knight)      Turns: 11314, Time: 00:12:22

Health: -11/64     AC:  5    Str: 20    XL:     10   Next: 85%
Magic:  11/11      EV: 12    Int: 12    God:    Lugonu [****..]
Gold:   245        SH:  0    Dex: 16    Spells: 9/9 levels left

rFire   . . .      SeeInvis .   a - +2 hand axe (flame)
rCold   . . .      Faith    .   (no shield)
rNeg    + . .      Spirit   .   m - +2 scale mail {rPois}
rPois   ∞          Reflect  .   (no helmet)
rElec   +          Harm     .   e - +2 cloak
rCorr   .          Rampage  .   (no gloves)
Will    .....                   (no boots)
Stlth   +.........              z - amulet of regeneration
HPRegen 1.00/turn               v - +6 ring of dexterity
MPRegen 0.12/turn               (no ring)

@: corroded, hasted, very quick
A: sickness immunity, AC +7, negative energy resistance 1, electricity
resistance, torment resistance 1, petrification resistance
a: Renounce Religion, Depart the Abyss, Bend Space, Banish, Corrupt


You were on level 9 of the Dungeon.
You worshipped Lugonu.
Lugonu was greatly pleased with you.
You visited 1 branch of the dungeon, and saw 9 of its levels.
You visited the Abyss 1 time.
You also visited: Sewer.

You collected 450 gold pieces.
You spent 205 gold pieces at shops.

Inventory:

Hand Weapons
 a - a +2 hand axe of flaming (weapon)
 A - a +4 trident of venom
Missiles
 d - 3 poisoned darts (quivered)
 o - 2 throwing nets
Armour
 e - a +2 cloak (worn)
 m - a +2 scale mail of poison resistance (worn)
 y - a +0 pair of boots
Jewellery
 c - an amulet of magic regeneration
 v - a +6 ring of dexterity (left hand)
 z - an amulet of regeneration (around neck)
Wands
 b - a wand of flame (47)
 g - a wand of paralysis (2)
 u - a wand of polymorph (20)
 x - a wand of iceblast (12)
Scrolls
 f - 2 scrolls of magic mapping
 h - 2 scrolls of teleportation
 i - 3 scrolls of blinking
Potions
 j - a potion of experience
 l - 5 potions of lignification
 n - a potion of flight {unknown}
 p - a potion of brilliance {unknown}
 q - a potion of cancellation
 r - 3 potions of magic
 s - 2 potions of invisibility {unknown}
 t - 2 potions of curing
 w - 2 potions of heal wounds


   Skills:
 + Level 7.8 Fighting
 + Level 10.0 Axes
 + Level 8.9 Armour
 + Level 4.2 Dodging
 + Level 3.5 Stealth
 + Level 2.0 Invocations
 + Level 1.0 Evocations


You had 9 spell levels left.
You didn't know any spells.
Your spell library contained the following spells:

 Spells                   Type           Power      Damage    Failure   Level
 Beastly Appendage        Tmut           0%         N/A       63%         1
 Wereblood                Tmut           0%         N/A       77%         2
 Spider Form              Tmut/Pois      0%         N/A       94%         3
 Conjure Ball Lightning   Conj/Air       0%         3x3d6     100%        6
 Summon Hydra             Summ           0%         N/A       100%        7
 Discord                  Hex            0%         N/A       100%        8
 Disjunction              Tloc           0%         N/A       100%        8
 Sublimation of Blood     Necr           Unusable   N/A       N/A         2

Dungeon Overview and Level Annotations

Branches:
Dungeon (9/15)             Temple (0/1) D:4            Lair (0/6) D:8
  Sewer (visited)
    Orc: D:9-12

Altars:
Kikubaaqudgha
Uskayaw

Shops:
D:7 !!

Annotations:
D:6 3 runed translucent doors, alexyer's ghost, novice MiFi


Innate Abilities, Weirdness & Mutations

You are immune to sickness and miasma.
Your stone body is resilient. (AC +7)
You are immune to poison.
You resist negative energy. (rN+)
You are resistant to electric shocks. (rElec)
You are resistant to unholy torment.
You are immune to petrification.


Message History

The splash of acid hits you!! The acid corrodes you!
You barely miss the acid dragon.
The acid dragon is severely wounded.
The acid dragon barely misses you. The acid dragon closely misses you.
You closely miss the acid dragon.
The acid dragon is severely wounded.
You hit the acid dragon but do no damage.
The acid dragon is severely wounded.
The acid dragon bites you. The acid dragon barely misses you.
You feel much better.
You hit the acid dragon. You burn the acid dragon.
The acid dragon is severely wounded.
The acid dragon spits acid at you. The splash of acid hits you!
The acid corrodes you!
You hit the acid dragon but do no damage.
The acid dragon is severely wounded.
You hit the acid dragon but do no damage.
The acid dragon is severely wounded.
The acid dragon misses you.
The acid dragon claws you but does no damage.
You hit the acid dragon but do no damage.
The acid dragon is severely wounded.
You barely miss the acid dragon.
The acid dragon is severely wounded.
The acid dragon bites you! The acid dragon claws you.
You hit the acid dragon but do no damage.
The acid dragon is severely wounded.
You barely miss the acid dragon.
You punch the acid dragon, but do no damage.
The acid dragon is severely wounded.
The acid dragon barely misses you.
The acid dragon claws you but does no damage.
You hit the acid dragon but do no damage.
The acid dragon is severely wounded.
You hit the acid dragon. You burn the acid dragon.
The acid dragon is almost dead.
The acid dragon spits acid at you. The splash of acid hits you!!
Ouch! That really hurt!
You die...

######### #
#.......# ..
#.......# ...
#.......# ###....
#.......######.'....
#..............#....
#.......##########+#
#..@D...# #..
######.## #.#
###....#### #.#
#.>.......#### ##'##
#.........†..###....
#.........##...#....
#.........####.'....
#.........# ###....
#.).......# #....


You could see an acid dragon (catching breath).

Vanquished Creatures
  A troll (D:8)
  A wyvern (D:9)
  5 yaks (D:7)
  Sigmund (D:2)
  A steam dragon (D:8)
  Edmund (D:6)
  3 wargs (D:8)
  2 acid dragons
  3 water moccasins
  3 ice beasts
  3 orc warriors
  4 ogres
  2 necrophages
  3 centaurs
  A phantom (D:4)
  Blork the orc (D:5)
  2 bullfrogs (Sewer)
  A wyvern zombie (D:8)
  A gnoll sergeant (D:8)
  2 scorpions
  A water moccasin skeleton (D:6)
  10 killer bees
  2 howler monkeys (D:8)
  2 gnoll shamans
  3 hounds
  3 jellies
  4 orc priests
  Crazy Yiuf (D:3)
  A bullfrog skeleton (D:6)
  Jessica (D:3)
  Terence (D:2)
  Natasha (twice) (D:3)
  2 iguanas
  7 orc wizards
  A scorpion zombie (D:5)
  A hound zombie (D:5)
  A hound skeleton (D:4)
  2 howler monkey zombies
  17 gnolls
  9 adders
  5 river rats (Sewer)
  A shadow imp (D:8)
  3 white imps
  2 dart slugs (D:4)
  20 orcs
  3 bats
  8 endoplasms
  2 giant cockroaches
  15 goblins
  5 hobgoblins
  3 jackals (D:3)
  7 quokkas
  21 ball pythons
  8 frilled lizards
  3 kobolds
  20 rats
238 creatures vanquished.

Vanquished Creatures (others)
  3 orcs
  4 plants
7 creatures vanquished.

Grand Total: 245 creatures vanquished

Notes
Turn   | Place    | Note
-------+----------+-------------------------------------------
     0 | Abyss:1  | Gargoyl the Gargoyle Abyssal Knight began the quest for the
                  | Orb.
     0 | Abyss:1  | Reached XP level 1. HP: 14/14 MP: 2/2
     0 | D:1      | Escaped the Abyss
   305 | D:1      | Reached skill level 2 in Axes
   305 | D:1      | Reached XP level 2. HP: 19/19 MP: 3/3
   340 | D:1      | Found a faded altar of an unknown god.
   565 | D:1      | Reached * piety under Lugonu
  1039 | D:2      | Reached skill level 1 in Dodging
  1039 | D:2      | Reached XP level 3. HP: 21/24 MP: 4/4
  1132 | D:2      | Noticed Terence
  1152 | D:2      | Killed Terence
  1239 | D:2      | Noticed Sigmund
  1271 | D:2      | Killed Sigmund
  1272 | D:2      | Reached skill level 3 in Axes
  1272 | D:2      | Reached XP level 4. HP: 11/30 MP: 5/5
  1272 | D:2      | Reached XP level 5. HP: 13/34 MP: 6/6
  1622 | D:2      | Found a hide-covered altar of Uskayaw.
  2009 | D:3      | Reached XP level 6. HP: 39/39 MP: 7/7
  2120 | D:3      | Noticed Jessica
  2128 | D:3      | Reached skill level 4 in Axes
  2128 | D:3      | Killed Jessica
  2214 | D:3      | Noticed Natasha
  2219 | D:3      | Killed Natasha
  2255 | D:3      | Found a runed translucent door.
  2256 | D:3      | Noticed Crazy Yiuf
  2571 | D:3      | Noticed Natasha
  2578 | D:3      | Killed Natasha
  2804 | D:3      | Killed Crazy Yiuf
  3070 | D:4      | Reached ** piety under Lugonu
  3077 | D:4      | Reached skill level 5 in Axes
  3077 | D:4      | Reached XP level 7. HP: 28/44 MP: 8/8
  3539 | D:4      | Reached skill level 5 in Fighting
  3713 | D:4      | Found an ancient bone altar of Kikubaaqudgha.
  3986 | D:4      | Reached skill level 6 in Axes
  3986 | D:4      | Reached XP level 8. HP: 17/49 MP: 9/9
  4261 | D:4      | Found a staircase to the Ecumenical Temple.
  4274 | D:5      | Entered Level 5 of the Dungeon
  4612 | D:5      | Noticed Blork the orc
  4624 | D:5      | Killed Blork the orc
  4625 | D:5      | Reached skill level 1 in Stealth
  4785 | D:5      | Reached skill level 5 in Armour
  5404 | D:6      | HP: 1/51 [ogre (7)]
  5707 | D:6      | Noticed Edmund
  5727 | D:6      | Killed Edmund
  5728 | D:6      | Reached skill level 7 in Axes
  5914 | D:6      | Reached XP level 9. HP: 56/56 MP: 10/10
  5984 | D:6      | Found a glowing drain.
  6008 | Sewer    | Entered a sewer
  6136 | Sewer    | Reached *** piety under Lugonu
  6658 | D:6      | Reached **** piety under Lugonu
  6691 | D:6      | Found a runed translucent gate.
  6715 | D:6      | Found a runed translucent gate.
  6718 | D:6      | Found a runed translucent gate.
  6719 | D:6      | Noticed alexyer's ghost (novice MiFi)
  6951 | D:7      | Reached skill level 8 in Axes
  7260 | D:7      | Found Muqajarr's Distillery.
  7565 | D:7      | Bought a potion of heal wounds for 75 gold pieces
  7664 | D:7      | Reached skill level 1 in Evocations
  7948 | D:7      | Found Degg's Distillery.
  7952 | D:7      | Bought a potion of heal wounds for 65 gold pieces
  7952 | D:7      | Bought a potion of heal wounds for 65 gold pieces
  8025 | D:7      | Reached XP level 10. HP: 56/63 MP: 11/11
  8438 | D:7      | Reached skill level 9 in Axes
 10486 | D:8      | Found a staircase to the Lair.
 11236 | D:9      | Reached skill level 10 in Axes
 11314 | D:9      | Killed from afar by an acid dragon

Illustrated notes

Levels and vault maps discovered:
D:1:      minmay_arrival_five_plusses, layout_basic,
          shapermc_ecumenical_altar_mp_urbaneastern
D:2:      layout_basic, basic_altar, uniq_terence, uniq_sigmund
D:3:      layout_loops_cross, nrook_uturn, ebering_dispersal_statue_hall,
          st_stairs_4, nrook_campfire, uniq_crazy_yiuf_cottage, uniq_jessica,
          uniq_natasha
D:4:      layout_loops_ring, kiku_gazebo_pond_becter,
          minmay_temple_entry_enclosed_plants, chequers_serial_rivers_micro_c,
          minmay_ogre_servants
D:5:      layout_cave_pools, uniq_blork_the_orc
D:6:      layout_rooms, gammafunk_ghost_necromancy, portal_sewer_entry_f,
          uniq_edmund
D:7:      layout_loops_cross, serial_shops, nicolae_shop_advertising_works
          [nicolae_subvault_shop_adworks], nicolae_shop_hallway_plus,
          grunt_ministairs_10
D:8:      layout_layer_cave, erik_lair_orcish_takeover
D:9:      layout_roguey

Skill      XL: |  1  2  3  4  5  6  7  8  9 10 |
---------------+-------------------------------+-----
Axes           | 2 3 5 6 7 8 10 | 10.0
Dodging        | 1 2 3 4 |  4.2
Fighting       | 4 5 6 7 |  7.8
Armour         | 3 4 6 7 8 |  8.9
Stealth        | 1 2 3 |  3.5
Evocations     | 1 |  1.0
Invocations    | |  2.0

Action                   |  1- 3 |  4- 6 |  7- 9 | 10-12 || total
-------------------------+-------+-------+-------+-------++-------
Melee: Hand axe          |    84 |    83 |   468 |   320 ||   955
       Punch             |       |     1 |     6 |     5 ||    12
Invok: Depart the Abyss  |     1 |       |       |       ||     1
Evoke: Wand              |       |       |    13 |       ||    13
  Use: Potion            |     1 |       |     1 |     4 ||     6
       Scroll            |       |     8 |     1 |     5 ||    14
 Stab: Sleeping          |     1 |       |       |       ||     1
       Paralysed         |       |       |     6 |       ||     6
Armor: Leather armour    |    34 |       |       |       ||    34
       Plate armour      |     8 |    66 |   113 |       ||   187
       Scale mail        |       |       |   197 |   160 ||   357
Dodge: Dodged            |    39 |    39 |   350 |   251 ||   679

Table legend: (Time is in decaauts)
 A = Elapsed time spent in this place.
 B = Non-inter-level travel time spent in this place.
 C = Inter-level travel time spent in this place.
 D = Time resting spent in this place.
 E = Time spent auto-exploring this place.
 F = Levels seen in this place.
 G = Mean time per level.
                   A        B        C        D        E       F      G
               +--------+--------+--------+--------+--------+-----+--------+
         Total |  11286 |  11058 |    228 |   1430 |   7548 |  11 | 1026.0 |
       Dungeon |  10735 |  10507 |    228 |   1341 |   7276 |   9 | 1192.8 |
         Abyss |      0 |      0 |      0 |      0 |      0 |   1 |    0.0 |
         Sewer |    550 |    550 |      0 |     89 |    271 |   1 |  550.0 |
               +--------+--------+--------+--------+--------+-----+--------+

Top non-repeatable levels by time:
     D:8: 1913 daAuts
     D:7: 1545 daAuts
     D:5: 1452 daAuts
     D:3: 1292 daAuts
     D:6: 1171 daAuts
     D:2: 1116 daAuts
     D:4: 1065 daAuts
     D:1: 825 daAuts
   Sewer: 550 daAuts
     D:9: 353 daAuts
